 Dungeon Crawl Stone Soup version 0.24.1-14-gf8d2b509d9 (webtiles) character file.

Game seed: 9956572776971485825, levelgen mode: deterministic

1259 Hatywr the Basher (level 8, -1/87 HPs)
             Began as a Human Fighter on May 29, 2020.
             Was a Believer of Elyvilon.
             Slain by a cyan ugly thing (15 damage)
             ... on level 6 of the Dungeon.
             The game lasted 00:15:06 (5659 turns).

Hatywr the Basher (Human Fighter)                   Turns: 5659, Time: 00:15:07

Health: -1/87      AC: 24    Str: 19    XL:     8   Next: 81%
Magic:  10/11      EV:  2    Int:  8    God:    Elyvilon [**....]
Gold:   159        SH:  9    Dex: 13    Spells: 7/7 levels left

rFire    . . .     SeeInvis .   a - +1 flail
rCold    . . .     Gourm    .   c - +0 shield
rNeg     + + +     Faith    .   (armour currently unavailable)
rPois    +         Spirit   .   (helmet currently unavailable)
rElec    .         Reflect  .   (cloak currently unavailable)
rCorr    .         Harm     .   (gloves currently unavailable)
MR       .....     NoTele   +   (boots currently unavailable)
Stlth    +.........             (no amulet)
HPRegen  0.24/turn              (no ring)
MPRegen  0.12/turn              A - ring of positive energy

@: tree-form
A: no striking features
a: Lesser Healing, Heal Other, Divine Protection, Renounce Religion


You were on level 6 of the Dungeon.
You worshipped Elyvilon.
Elyvilon was pleased with you.
You were hungry.
You were a tree.
You visited 2 branches of the dungeon, and saw 7 of its levels.

You collected 159 gold pieces.

Inventory:

Hand Weapons
 a - a +1 flail (weapon)
Armour
 c - a +0 shield (worn)
 n - a +0 helmet (melded)
 v - a +0 chain mail (melded)
 C - a +2 cloak (melded)
Jewellery
 s - an uncursed ring of stealth
 y - an uncursed ring of magical power {unknown}
 A - a ring of positive energy (right branch)
Scrolls
 b - a scroll of fog {unknown}
 i - 11 scrolls of identify {unknown}
 j - 4 scrolls of enchant armour {unknown}
 k - 2 scrolls of fear {unknown}
 l - 3 scrolls of magic mapping {unknown}
 o - 5 scrolls of immolation {unknown}
 q - 4 scrolls of remove curse
 r - 2 scrolls of noise {unknown}
 u - a scroll of enchant weapon
 w - a scroll of amnesia {unknown}
 x - 2 scrolls of teleportation {unknown}
Potions
 d - 2 potions of might
 e - 3 potions of curing
 g - a potion of invisibility {unknown}
 h - a potion of lignification
 p - a potion of degeneration
 t - a potion of ambrosia {unknown}
 z - a potion of haste {unknown}
 B - a potion of agility {unknown}
Comestibles
 f - 13 rations


   Skills:
 - Level 3.0 Fighting
 + Level 9.0 Maces & Flails
 - Level 3.0 Armour
 - Level 3.0 Shields
 + Level 5.2 Invocations


You had 7 spell levels left.
You didn't know any spells.
Your spell library contained the following spells:

 Spells                   Type           Power        Failure   Level  Hunger
 Animate Skeleton         Necr           N/A          90%         1    ##.....
 Apportation              Tloc           #.....       90%         1    ##.....
 Confusing Touch          Hex            #.....       90%         1    ##.....
 Summon Small Mammal      Summ           #...         90%         1    ##.....


Dungeon Overview and Level Annotations

Branches:
Dungeon (6/15)             Temple (1/1) D:4

Altars:
Dithmenos
Elyvilon
Gozag
Hepliaklqana
Makhleb
Qazlal
Ru
Sif Muna
Trog
Uskayaw
Vehumet
Wu Jian
Xom
Yredelemnul
The Shining One

Annotations:
D:4 3 runed translucent doors, agrhhh's ghost, amateur FoAK; zujk's ghost, novice GrEE
D:5 3 runed translucent doors, Squonk's ghost, amateur HuNe


Message History

You feel much better. The cyan ugly thing tentacle-slaps you.
The cyan ugly thing shocks you!
* * * LOW HITPOINT WARNING * * *
You feel much better.
The cyan ugly thing tentacle-slaps you but does no damage.
You hit the cyan ugly thing.
The cyan ugly thing is severely wounded.
The cyan ugly thing tentacle-slaps you! The cyan ugly thing shocks you!
* * * LOW HITPOINT WARNING * * *
You are healed.
You feel somewhat more hungry.
The cyan ugly thing tentacle-slaps you but does no damage.
You closely miss the cyan ugly thing.
The cyan ugly thing is heavily wounded.
The cyan ugly thing tentacle-slaps you but does no damage.
You hit the cyan ugly thing.
The cyan ugly thing is heavily wounded.
The cyan ugly thing tentacle-slaps you!
* * * LOW HITPOINT WARNING * * *
The cyan ugly thing shocks you!
You die...

#.............#.#
.....
#.............#.# #
..##
#.............#.#.#
#.............#.#.#
#.................#
#...........).#.###
##############.#
#######.### #######
+...♣u....# ##..'..#
#########.###.)###..#
#..##.8# #8.#
##.##(##$##+#
#.'(..#!# . ###8..#$+
.. ##+##[# # #$# ##.


You could see a cyan ugly thing.

Vanquished Creatures
  A hippogriff (D:6)
  An ice beast (D:6)
  2 eyes of draining (D:5)
  A necrophage (D:4)
  A centaur (D:6)
  A bullfrog (D:6)
  A howler monkey (D:4)
  A bullfrog zombie (D:6)
  3 hounds
  An orc priest (D:3)
  3 orc wizards
  3 worker ants
  A gnoll (D:5)
  10 adders
  A shadow imp (D:6)
  2 oozes
  A worm (D:2)
  2 dart slugs
  4 leopard geckos
  18 orcs
  6 bats
  6 giant cockroaches
  5 goblins
  7 hobgoblins
  11 jackals
  6 frilled lizards
  6 kobolds
  A leopard gecko skeleton (D:5)
  A quokka zombie (D:5)
  12 rats
  A spectral orc (D:3)
120 creatures vanquished.

Vanquished Creatures (others)
  A fungus (D:5)
  3 plants (D:5)
4 creatures vanquished.

Grand Total: 124 creatures vanquished

Notes
Turn   | Place    | Note
-------+----------+-------------------------------------------
     0 | D:1      | Hatywr the Human Fighter began the quest for the Orb.
     0 | D:1      | Reached XP level 1. HP: 18/18 MP: 1/1
    26 | D:1      | Reached XP level 2. HP: 24/24 MP: 2/2
   108 | D:1      | Reached skill level 3 in Maces & Flails
   160 | D:1      | Reached XP level 3. HP: 27/29 MP: 3/3
   342 | D:1      | You fall into a shaft and drop 1 floor!
   670 | D:2      | Reached skill level 4 in Maces & Flails
   670 | D:2      | Reached XP level 4. HP: 26/35 MP: 4/4
  1173 | D:2      | You fall into a shaft and drop 2 floors!
  1228 | D:4      | Reached XP level 5. HP: 35/41 MP: 5/5
  1229 | D:4      | Noticed a necrophage
  1235 | D:4      | Reached skill level 5 in Maces & Flails
  1249 | D:4      | Killed a necrophage
  1249 | D:4      | Reached XP level 6. HP: 33/47 MP: 6/6
  1377 | D:4      | Reached skill level 6 in Maces & Flails
  1724 | D:4      | Found a runed translucent gate.
  1724 | D:4      | Found a runed translucent gate.
  1724 | D:4      | Found a runed translucent gate.
  1724 | D:4      | Noticed zujk's ghost (novice GrEE)
  1725 | D:4      | Noticed agrhhh's ghost (amateur FoAK)
  1864 | D:4      | Found a staircase to the Ecumenical Temple.
  1874 | Temple   | Entered the Ecumenical Temple
  1990 | Temple   | Became a worshipper of Elyvilon the Healer
  2500 | D:4      | Reached skill level 7 in Maces & Flails
  2500 | D:4      | Reached XP level 7. HP: 50/52 MP: 7/7
  2945 | D:3      | Found a stormy altar of Qazlal.
  3013 | D:3      | Found a basalt altar of Yredelemnul.
  3132 | D:3      | Reached * piety under Elyvilon
  4082 | D:5      | Entered Level 5 of the Dungeon
  4211 | D:5      | Found a runed translucent gate.
  4281 | D:5      | Found a bloodstained altar of Trog.
  4311 | D:5      | Reached skill level 1 in Invocations
  4344 | D:5      | Found a runed translucent gate.
  4345 | D:5      | Noticed Squonk's ghost (amateur HuNe)
  4346 | D:5      | Found a runed translucent gate.
  4350 | D:5      | Identified the +7 short sword of Law {elec, +Blink +Inv
                  | Dex+3 Stlth-}
  4352 | D:5      | Got a transparent rapier
  4354 | D:5      | Identified the cursed +0 rapier "Hulk" {drain, -Tele rPois
                  | Int+3} (You found it on level 5 of the Dungeon)
  4460 | D:5      | Reached skill level 8 in Maces & Flails
  4460 | D:5      | Reached XP level 8. HP: 38/58 MP: 10/10
  4717 | D:5      | Reached ** piety under Elyvilon
  4963 | D:6      | Noticed a hippogriff
  4994 | D:6      | Killed a hippogriff
  5620 | D:6      | Reached skill level 9 in Maces & Flails
  5620 | D:6      | Reached skill level 5 in Invocations
  5623 | D:6      | Noticed a cyan ugly thing
  5659 | D:6      | Slain by a cyan ugly thing

Levels and vault maps discovered:
D:1:      dpeg_arrival_pits, layout_rooms
D:2:      layout_rooms, chequers_temple_overflow_minitemple
D:3:      layout_basic, yredelemnul_forgotten_temple_becter,
          lemuel_crystal_altar
D:4:      layout_basic, minmay_temple_entry_antechambers, first_ration,
          gammafunk_ghost_cemetery
D:5:      layout_gridville, trog_eyes_of_draining,
          gammafunk_ghost_nasty_kobolds, minmay_crystal_water
D:6:      minmay_chambers_of_sixes, layout_basic, minmay_manual_macuahuitl,
          uniq_blork_the_orc
Temple:   nicolae_temple_x_marks_the_god

Skill      XL: |  1  2  3  4  5  6  7  8 |
---------------+-------------------------+-----
Maces & Flails | 3 4 5 7 8 9 |  9.0
Invocations    | 2 5 |  5.2
Fighting       | |  3.0
Armour         | |  3.0
Shields        | |  3.0

Action                   |  1- 3 |  4- 6 |  7- 9 || total
-------------------------+-------+-------+-------++-------
Melee: Flail             |   100 |   188 |   274 ||   562
Invok: Lesser Healing    |       |       |     3 ||     3
       Divine Protection |       |       |     1 ||     1
       Heal Other        |       |       |     1 ||     1
  Use: Potion            |       |       |     9 ||     9
       Scroll            |       |       |     3 ||     3
  Eat: Chunk             |       |     6 |    10 ||    16
Armor: Scale mail        |    82 |    84 |       ||   166
       Chain mail        |       |    46 |   120 ||   166
       Skin              |       |       |    38 ||    38
Dodge: Dodged            |    50 |    44 |    28 ||   122
Block: Shield            |    71 |   110 |   139 ||   320
